 Dungeon Crawl Stone Soup version 0.27-a0-1296-g8ece459b43 (webtiles) character file.

Game seed: 16571960797278329252

23832 Polar the Blocker (level 13, -2/103 HPs)
             Began as a Gnoll Fighter on June 14, 2021.
             Was an Elder of Zin.
             Slain by a +4 long sword (3 damage)
             ... on level 13 of the Dungeon on June 16, 2021.
             The game lasted 00:46:51 (23462 turns).

Polar the Blocker (Gnoll Fighter)                  Turns: 23462, Time: 00:46:51

Health: -2/103     AC: 24    Str: 21    XL:     13   Next: 9%
Magic:  24/24      EV:  9    Int:  7    God:    Zin [****..]
Gold:   742        SH: 19    Dex: 18    Spells: 27/27 levels left

rFire    . . .     SeeInvis .   y - +1 broad axe
rCold    . . .     Faith    .   c - +1 kite shield
rNeg     . . .     Spirit   .   O - +0 plate armour
rPois    +         Reflect  +   S - +2 helmet
rElec    .         Harm     .   R - +0 cloak
rCorr    .         Rampage  .   g - +0 pair of gloves
Will     .....                  a - +2 pair of boots
Stlth    ..........             N - amulet of reflection
HPRegen  0.27/turn              o - +6 ring of dexterity
MPRegen  0.19/turn              t - ring of poison resistance

@: studying Shields
A: fangs 1, strong nose, distributed training
a: Renounce Religion, Recite, Vitalisation, Imprison, Donate Gold


You were on level 13 of the Dungeon.
You worshipped Zin.
Zin was greatly pleased with you.
You visited 2 branches of the dungeon, and saw 15 of its levels.
You also visited: Sewer and Bailey.

You collected 867 gold pieces.
You spent 39 gold pieces at shops.
You donated 86 gold pieces to Zin.

Inventory:

Hand Weapons
 f - a +2 morningstar of flaming
 y - a +1 broad axe (weapon)
Missiles
 e - 74 poisoned darts
 k - 4 javelins
 l - 4 throwing nets
Armour
 a - a +2 pair of boots (worn)
 c - a +1 kite shield (worn)
 g - a +0 pair of gloves (worn)
 O - a +0 plate armour (worn)
 R - a +0 cloak (worn)
 S - a +2 helmet (worn)
 T - a +2 hat of stealth
Jewellery
 b - a ring of resist corrosion
 o - a +6 ring of dexterity (left hand)
 t - a ring of poison resistance (right hand)
 G - a ring of flight
 K - a ring of see invisible
 N - an amulet of reflection (around neck)
Wands
 n - a wand of paralysis (11)
 r - a wand of mindburst (9)
 D - a wand of flame (28) (quivered)
 H - a wand of acid (2)
Scrolls
 h - 3 scrolls of magic mapping
 i - a scroll of noise {unknown}
 m - 8 scrolls of enchant armour
 p - a scroll of teleportation
 q - 2 scrolls of holy word {unknown}
 v - 3 scrolls of vulnerability {unknown}
 w - 2 scrolls of amnesia {unknown}
 z - a scroll of silence {unknown}
 F - a scroll of acquirement {unknown}
 J - a scroll of fear
 L - a scroll of brand weapon {unknown}
 P - a scroll of blinking {unknown}
 Q - a scroll of enchant weapon
 U - a scroll of identify
 V - a scroll of immolation {unknown}
Potions
 d - 5 potions of might
 j - a potion of invisibility
 s - 3 potions of cancellation {unknown}
 u - a potion of flight
 x - 3 potions of mutation
 A - 3 potions of attraction
 B - 7 potions of curing
 C - a potion of heal wounds
 E - a potion of brilliance {unknown}
 I - 2 potions of lignification {unknown}
 M - 4 potions of haste


   Skills:
 + Level 10.3 Fighting
 + Level 7.9 Short Blades
 + Level 7.9 Long Blades
 + Level 9.2 Axes
 + Level 7.9 Maces & Flails
 + Level 7.9 Polearms
 + Level 7.9 Staves
 + Level 7.9 Slings
 + Level 7.9 Bows
 + Level 7.9 Crossbows
 + Level 7.9 Throwing
 + Level 10.3 Armour
 + Level 7.9 Dodging
 + Level 7.9 Stealth
 + Level 11.2 Shields
 + Level 7.9 Unarmed Combat
 + Level 7.9 Spellcasting
 + Level 6.6 Conjurations
 + Level 6.6 Hexes
 + Level 6.6 Summonings
 + Level 6.6 Necromancy
 + Level 6.6 Translocations
 + Level 6.6 Transmutations
 + Level 6.6 Fire Magic
 + Level 6.6 Ice Magic
 + Level 6.6 Air Magic
 + Level 6.6 Earth Magic
 + Level 6.6 Poison Magic
 + Level 8.7 Invocations
 + Level 7.9 Evocations


You had 27 spell levels left.
You didn't know any spells.
Your spell library contained the following spells:

 Spells                   Type           Power      Damage    Failure   Level
 Animate Skeleton         Necr           24%        N/A       32%         1
 Corona                   Hex            13%        N/A       32%         1
 Magic Dart               Conj           48%        1d5       32%         1
 Pain                     Necr           48%        1d6       32%         1
 Blink                    Tloc           N/A        N/A       45%         2
 Call Imp                 Summ           12%        N/A       45%         2
 Slow                     Hex            12%        N/A       45%         2
 Conjure Flame            Conj/Fire      12%        6-21      69%         3
 Inner Flame              Hex/Fire       12%        N/A       69%         3
 Mephitic Cloud           Conj/Pois/Air  12%        N/A       69%         3
 Portal Projectile        Hex/Tloc       24%        N/A       69%         3
 Vampiric Draining        Necr           6%         2d6       69%         3
 Animate Dead             Necr           6%         N/A       97%         4
 Cause Fear               Hex            6%         N/A       97%         4
 Leda's Liquefaction      Hex/Erth       6%         N/A       97%         4
 Agony                    Necr           12%        N/A       100%        5


Dungeon Overview and Level Annotations

Branches:
Dungeon (14/15)            Temple (1/1) D:7            Lair (0/6) D:11
    Orc (0/2) D:10          Sewer (visited)          Bailey (visited)
 Vaults: D:13-14

Altars:
Ashenzari
Cheibriados
Dithmenos
Elyvilon
Fedhas
Gozag
Hepliaklqana
Kikubaaqudgha
Makhleb
Nemelex Xobeh
Okawaru
Qazlal
Ru
Sif Muna
Trog
Uskayaw
Vehumet
Wu Jian
Xom
Yredelemnul
Zin
The Shining One

Shops:
D:2 [   D:3 [[   D:8 :   D:10 !


Innate Abilities, Weirdness & Mutations

You have very sharp teeth.
Your uncanny sense of smell can sniff out nearby items.
Your experience applies equally to all skills.


Message History

The +4 long sword hits you. You block the +4 long sword's attack.
You hit the +4 long sword.
The +4 long sword is moderately damaged.
The +4 long sword hits you. The +4 long sword closely misses you.
You hit the +4 long sword but do no damage.
The +4 long sword is moderately damaged.
The +4 long sword hits you but does no damage.
The +4 long sword hits you.
You barely miss the +4 long sword. Your bite misses the +4 long sword.
The +4 long sword is moderately damaged.
The +4 long sword hits you. The +4 long sword hits you!
You slash the +4 long sword! Your bite misses the +4 long sword.
The +4 long sword is heavily damaged.
You block the +4 long sword's attack. The +4 long sword hits you.
You barely miss the +4 long sword.
The +4 long sword is moderately damaged.
The +4 long sword hits you!
* * * LOW HITPOINT WARNING * * *
You block the +4 long sword's attack.
Your plate armour prevents you from hitting the +4 long sword.
The +4 long sword is moderately damaged.
You block the +4 long sword's attack. The +4 long sword hits you.
* * * LOW HITPOINT WARNING * * *
You slash the +4 long sword!
You bite the +4 long sword, but do no damage.
The +4 long sword is severely damaged.
You block the +4 long sword's attack. x2
You miss the +4 long sword. Your bite misses the +4 long sword.
The +4 long sword is severely damaged.
The +4 long sword hits you!
* * * LOW HITPOINT WARNING * * *
You block the +4 long sword's attack.
You barely miss the +4 long sword.
The +4 long sword is severely damaged.
You block the +4 long sword's attack. The +4 long sword hits you!
* * * LOW HITPOINT WARNING * * *
You slash the +4 long sword!
The +4 long sword is almost destroyed.
You block the +4 long sword's attack. The +4 long sword hits you.
You die...

###.################.# ##########
....# ##########.###...(.....
##### #....>..........#######
#.#######.......#
#.##...##....<..#
##.##............#
##...#...##.....)[# ##
##.....#(###.......# #.
########........@.........# #.
...##.......(...#####.#########'
###.##.#........######.##........
.......##..............##........
.##.######...##.####.####).⌠##⌠..
.##.# ###.##.# #.##.#..####..
.##.# #.##.####.#.##..####..
.##.# #.#.........##..⌠##⌠..
.##.#### #.#.........##........


You could see a +4 long sword.

Vanquished Creatures
  Gastronok (D:12)
  A hydra (D:10)
  A boulder beetle (D:11)
  A centaur warrior (D:8)
  3 two-headed ogres
  A tengu warrior (D:13)
  An orc knight (Bailey)
  Pikel (D:4)
  A deep elf pyromancer (D:13)
  2 ugly things
  A cyclops (D:13)
  2 manticores
  3 gargoyles
  An unseen horror (D:12)
  An efreet (D:14)
  3 kobold demonologists
  A tengu conjurer (D:13)
  2 trolls (D:10)
  A hornet (D:9)
  A shadow (D:11)
  A wraith (D:12)
  A vampire (D:11)
  14 yaks
  A fire elemental (D:13)
  4 vampire mosquitoes (D:12)
  2 steam dragons (D:7)
  2 wargs
  Edmund (D:4)
  2 acid dragons
  2 water moccasins (D:7)
  Purgy (D:4)
  A black bear (D:6)
  15 orc warriors
  A hornet zombie (D:8)
  A swamp drake (D:10)
  An ogre (D:6)
  10 centaurs
  2 kobold brigands
  3 bullfrogs
  A gnoll sergeant (D:7)
  A scorpion (D:6)
  3 water moccasin skeletons
  8 killer bees
  5 wights
  8 howler monkeys
  3 bullfrog zombies
  6 centaur zombies
  4 hounds
  A jelly (D:6)
  3 gnoll shamans
  10 orc priests
  2 centaur skeletons
  A bullfrog skeleton (D:5)
  Ijyb (D:4)
  Natasha (thrice) (D:2)
  16 orc wizards
  A scorpion zombie (D:5)
  A hound skeleton (D:3)
  A howler monkey zombie (D:6)
  45 gnolls
  8 adders
  3 white imps
  An adder skeleton (D:4)
  An adder zombie (D:4)
  3 worms
  3 dart slugs
  67 orcs
  A bat (D:2)
  8 endoplasms
  4 giant cockroaches
  3 hobgoblins
  22 jackals
  12 quokkas
  8 ball pythons
  7 frilled lizards
  8 goblins
  9 kobolds
  5 rats
391 creatures vanquished.

Vanquished Creatures (others)
  An orc warrior (D:10)
  An orc (D:7)
2 creatures vanquished.

Grand Total: 393 creatures vanquished

Notes
Turn   | Place    | Note
-------+----------+-------------------------------------------
     0 | D:1      | Polar the Gnoll Fighter began the quest for the Orb.
     0 | D:1      | Reached XP level 1. HP: 23/23 MP: 1/1
   341 | D:1      | Reached XP level 2. HP: 25/29 MP: 2/2
   827 | D:1      | Reached XP level 3. HP: 33/35 MP: 3/3
  1012 | D:2      | Noticed Natasha
  1015 | D:2      | Killed Natasha
  1016 | D:2      | Reached skill level 1 in Short Blades
  1016 | D:2      | Reached skill level 1 in Long Blades
  1016 | D:2      | Reached skill level 1 in Maces & Flails
  1016 | D:2      | Reached skill level 1 in Polearms
  1016 | D:2      | Reached skill level 1 in Staves
  1016 | D:2      | Reached skill level 1 in Slings
  1016 | D:2      | Reached skill level 1 in Bows
  1016 | D:2      | Reached skill level 1 in Crossbows
  1016 | D:2      | Reached skill level 1 in Throwing
  1016 | D:2      | Reached skill level 1 in Dodging
  1016 | D:2      | Reached skill level 1 in Stealth
  1016 | D:2      | Reached skill level 1 in Unarmed Combat
  1016 | D:2      | Reached skill level 1 in Spellcasting
  1016 | D:2      | Reached skill level 1 in Invocations
  1016 | D:2      | Reached skill level 1 in Evocations
  1073 | D:2      | Reached XP level 4. HP: 41/41 MP: 5/5
  1515 | D:2      | Noticed Natasha
  1523 | D:2      | Reached skill level 1 in Conjurations
  1523 | D:2      | Reached skill level 1 in Hexes
  1523 | D:2      | Reached skill level 1 in Summonings
  1523 | D:2      | Reached skill level 1 in Necromancy
  1523 | D:2      | Reached skill level 1 in Translocations
  1523 | D:2      | Reached skill level 1 in Transmutations
  1523 | D:2      | Reached skill level 1 in Fire Magic
  1523 | D:2      | Reached skill level 1 in Ice Magic
  1523 | D:2      | Reached skill level 1 in Air Magic
  1523 | D:2      | Reached skill level 1 in Earth Magic
  1523 | D:2      | Reached skill level 1 in Poison Magic
  1524 | D:2      | Killed Natasha
  1525 | D:2      | Reached XP level 5. HP: 27/47 MP: 6/6
  1921 | D:3      | Found a faded altar of an unknown god.
  1983 | D:3      | Found Tugyck's Armour Shop.
  2114 | D:3      | Reached XP level 6. HP: 53/53 MP: 8/8
  2280 | D:3      | Found Xixkir's Armour Shop.
  2304 | D:3      | Found an ancient bone altar of Kikubaaqudgha.
  2490 | D:3      | Reached skill level 5 in Axes
  2511 | D:2      | Noticed Natasha
  2524 | D:2      | Killed Natasha
  2919 | D:3      | Reached XP level 7. HP: 43/59 MP: 10/10
  3030 | D:3      | Reached skill level 7 in Shields
  3697 | D:4      | Noticed Ijyb
  3705 | D:4      | Killed Ijyb
  4196 | D:4      | Found a burning altar of Makhleb.
  4237 | D:4      | Noticed Edmund
  4250 | D:4      | Killed Edmund
  4425 | D:4      | Noticed Purgy
  4459 | D:4      | Killed Purgy
  4460 | D:4      | Reached XP level 8. HP: 48/67 MP: 12/12
  4947 | D:4      | Noticed Pikel
  4963 | D:4      | Killed Pikel
  5224 | D:5      | Entered Level 5 of the Dungeon
  6137 | D:5      | Reached XP level 9. HP: 69/72 MP: 14/14
  6381 | D:6      | Found a glowing drain.
  6390 | Sewer    | Entered a sewer
  7470 | D:6      | Found a shimmering altar of Xom.
  7477 | D:6      | Found an ornate altar of the Wu Jian Council.
  8531 | D:7      | Reached skill level 8 in Shields
  8547 | D:7      | Reached skill level 5 in Invocations
  9442 | D:7      | Reached XP level 10. HP: 61/80 MP: 17/17
 10004 | D:7      | Found a staircase to the Ecumenical Temple.
 10014 | Temple   | Entered the Ecumenical Temple
 10021 | Temple   | Became a worshipper of Zin the Law-Giver
 10021 | Temple   | Reached * piety under Zin
 10219 | D:7      | Noticed a green ugly thing
 10232 | D:7      | Killed a green ugly thing
 10233 | D:7      | Reached skill level 5 in Short Blades
 10233 | D:7      | Reached skill level 5 in Long Blades
 10233 | D:7      | Reached skill level 5 in Maces & Flails
 10233 | D:7      | Reached skill level 5 in Polearms
 10233 | D:7      | Reached skill level 5 in Staves
 10233 | D:7      | Reached skill level 5 in Slings
 10233 | D:7      | Reached skill level 5 in Bows
 10233 | D:7      | Reached skill level 5 in Crossbows
 10233 | D:7      | Reached skill level 5 in Throwing
 10233 | D:7      | Reached skill level 5 in Dodging
 10233 | D:7      | Reached skill level 5 in Stealth
 10233 | D:7      | Reached skill level 5 in Unarmed Combat
 10233 | D:7      | Reached skill level 5 in Spellcasting
 10233 | D:7      | Reached skill level 5 in Evocations
 10398 | D:7      | Noticed a two-headed ogre
 10431 | D:7      | Killed a two-headed ogre
 10971 | D:8      | Noticed a centaur warrior
 10982 | D:8      | Killed a centaur warrior
 11260 | D:8      | Reached ** piety under Zin
 11343 | D:8      | Noticed a kobold demonologist
 11343 | D:8      | Noticed a kobold demonologist
 11362 | D:8      | Killed a kobold demonologist
 11365 | D:8      | Noticed a rust devil
 11368 | D:8      | Noticed a smoke demon
 11515 | D:8      | Noticed an orange demon
 11518 | D:8      | Noticed an orange demon
 11528 | D:8      | Killed a kobold demonologist
 12117 | D:8      | Found Gawuuh's Book Shop.
 12783 | D:9      | Reached XP level 11. HP: 87/87 MP: 19/19
 12819 | D:9      | Reached skill level 9 in Shields
 12827 | D:9      | Reached skill level 5 in Conjurations
 12827 | D:9      | Reached skill level 5 in Hexes
 12827 | D:9      | Reached skill level 5 in Summonings
 12827 | D:9      | Reached skill level 5 in Necromancy
 12827 | D:9      | Reached skill level 5 in Translocations
 12827 | D:9      | Reached skill level 5 in Transmutations
 12827 | D:9      | Reached skill level 5 in Fire Magic
 12827 | D:9      | Reached skill level 5 in Ice Magic
 12827 | D:9      | Reached skill level 5 in Air Magic
 12827 | D:9      | Reached skill level 5 in Earth Magic
 12827 | D:9      | Reached skill level 5 in Poison Magic
 13967 | D:10     | Entered Level 10 of the Dungeon
 13967 | D:10     | Found Umigif's Distillery.
 13999 | D:10     | Found a flagged portal.
 14012 | Bailey   | Entered a bailey
 14903 | Bailey   | Noticed an orc knight
 14992 | Bailey   | Killed an orc knight
 15777 | D:10     | Reached *** piety under Zin
 16154 | D:10     | Found a staircase to the Orcish Mines.
 16534 | D:10     | Noticed a five-headed hydra
 16555 | D:10     | HP: 4/89 [five-headed hydra (1)]
 16935 | D:10     | Killed a five-headed hydra
 17337 | D:10     | Reached XP level 12. HP: 22/96 MP: 22/22
 17860 | D:10     | Bought a potion of curing for 39 gold pieces
 17916 | D:11     | Noticed a two-headed ogre
 17925 | D:11     | Reached skill level 10 in Shields
 17925 | D:11     | Killed a two-headed ogre
 18239 | D:11     | Noticed a boulder beetle
 18250 | D:11     | Killed a boulder beetle
 19148 | D:11     | Noticed a two-headed ogre
 19160 | D:11     | Killed a two-headed ogre
 19368 | D:11     | Found a staircase to the Lair.
 19559 | D:11     | Noticed a six-headed hydra
 20463 | D:12     | Noticed Gastronok
 20672 | D:12     | Reached **** piety under Zin
 21422 | D:12     | Killed Gastronok
 21423 | D:12     | Reached skill level 10 in Fighting
 21423 | D:12     | Reached skill level 10 in Armour
 22734 | D:13     | Noticed a tengu warrior
 22747 | D:13     | Killed a tengu warrior
 22748 | D:13     | Reached skill level 11 in Shields
 22823 | D:13     | Reached XP level 13. HP: 89/103 MP: 21/24
 23134 | D:13     | Upgraded the game from 0.27-a0-1281-ge233d83751 to
                  | 0.27-a0-1296-g8ece459b43
 23461 | D:13     | HP: 1/103 [+4 long sword (12)]
 23462 | D:13     | Slain by a +4 long sword

Illustrated notes

Levels and vault maps discovered:
D:1:      scummos_arrival_hexagon, layout_basic, minmay_misc_feat_doors
D:2:      layout_basic, uniq_natasha
D:3:      lemuel_castle_with_subvaults [lemuel_castle_interior_carwin_1],
          layout_rooms, old_standard_altar, hellmonk_ecumenical_altar_zigzags,
          serial_shops, nicolae_shop_statue_plus, shop
D:4:      kennysheep_spiral_hall, layout_basic, lemuel_doored_altar,
          minmay_tree_intersection, uniq_edmund, uniq_purgy, uniq_pikel,
          uniq_ijyb
D:5:      layout_basic
D:6:      layout_layer_cave, amethyst_overflow_temple_binary,
          portal_sewer_entry_f
D:7:      layout_basic, minmay_temple_entry_drinking_statues, minmay_three_doors
D:8:      layout_loops_cross, serial_shops, shop, minmay_microvault
D:9:      layout_gridville
D:10:     layout_rooms, erik_orc_1, serial_shops, nicolae_shop_crystal,
          lightli_bailey_entry_fortress, st_stairs_2
D:11:     layout_long_grid, erik_lair_orcish_takeover,
          kennysheep_generic_room_15
D:12:     layout_layer_cave, uniq_gastronok
D:13:     layout_loops_ring, grunt_decor_cap, kennysheep_dice, uniq_azrael
D:14:     layout_loops_ring, erik_vaults_1
Temple:   nicolae_temple_no_exploring_needed

Skill      XL: |  1  2  3  4  5  6  7  8  9 10 11 12 |
---------------+-------------------------------------+-----
Short Blades   | 1 2 3 4 5 6 7 |  7.9
Long Blades    | 1 2 3 4 5 6 7 |  7.9
Maces & Flails | 1 2 3 4 5 6 7 |  7.9
Polearms       | 1 2 3 4 5 6 7 |  7.9
Staves         | 1 2 3 4 5 6 7 |  7.9
Slings         | 1 2 3 4 5 6 7 |  7.9
Bows           | 1 2 3 4 5 6 7 |  7.9
Crossbows      | 1 2 3 4 5 6 7 |  7.9
Throwing       | 1 2 3 4 5 6 7 |  7.9
Dodging        | 1 2 3 4 5 6 7 |  7.9
Stealth        | 1 2 3 4 5 6 7 |  7.9
Unarmed Combat | 1 2 3 4 5 6 7 |  7.9
Spellcasting   | 1 2 3 4 5 6 7 |  7.9
Invocations    | 1 2 3 4 5 6 7 8 |  8.7
Evocations     | 1 2 3 4 5 6 7 |  7.9
Conjurations   | 1 2 3 4 5 6 |  6.6
Hexes          | 1 2 3 4 5 6 |  6.6
Summonings     | 1 2 3 4 5 6 |  6.6
Necromancy     | 1 2 3 4 5 6 |  6.6
Translocations | 1 2 3 4 5 6 |  6.6
Transmutations | 1 2 3 4 5 6 |  6.6
Fire Magic     | 1 2 3 4 5 6 |  6.6
Ice Magic      | 1 2 3 4 5 6 |  6.6
Air Magic      | 1 2 3 4 5 6 |  6.6
Earth Magic    | 1 2 3 4 5 6 |  6.6
Poison Magic   | 1 2 3 4 5 6 |  6.6
Axes           | 5 6 7 8 9 |  9.2
Fighting       | 7 8 9 10 | 10.3
Armour         | 7 8 9 10 | 10.3
Shields        | 7 8 9 11 | 11.2

Action                   |  1- 3 |  4- 6 |  7- 9 | 10-12 | 13-15 || total
-------------------------+-------+-------+-------+-------+-------++-------
Melee: War axe           |    62 |   160 |   182 |       |       ||   404
       Bite              |     5 |    14 |    50 |   112 |     5 ||   186
       Broad axe         |       |       |   322 |   784 |    45 ||  1151
       Morningstar       |       |       |       |    25 |       ||    25
Throw: Dart              |       |       |       |    44 |       ||    44
       Throwing net      |       |       |       |     3 |       ||     3
Invok: Vitalisation      |       |       |       |     7 |       ||     7
  Use: Scroll            |       |       |     4 |    11 |       ||    15
       Potion            |       |       |       |     5 |     2 ||     7
Armor: Scale mail        |    31 |   109 |       |       |       ||   140
       Chain mail        |       |       |   336 |   221 |       ||   557
       Plate armour      |       |       |       |   331 |    14 ||   345
Dodge: Dodged            |    21 |    77 |   174 |   316 |     9 ||   597
Block: Kite shield       |    31 |   120 |   367 |   996 |    53 ||  1567
       Reflection        |       |       |       |    90 |     5 ||    95

Table legend: (Time is in decaauts)
 A = Elapsed time spent in this place.
 B = Non-inter-level travel time spent in this place.
 C = Inter-level travel time spent in this place.
 D = Time resting spent in this place.
 E = Time spent auto-exploring this place.
 F = Levels seen in this place.
 G = Mean time per level.
                   A        B        C        D        E       F      G
               +--------+--------+--------+--------+--------+-----+--------+
         Total |  24204 |  23162 |   1042 |   4772 |  12658 |  17 | 1423.8 |
       Dungeon |  21938 |  20896 |   1042 |   4549 |  11951 |  14 | 1567.0 |
        Temple |     14 |     14 |      0 |      0 |      0 |   1 |   14.0 |
         Sewer |    811 |    811 |      0 |      0 |    417 |   1 |  811.0 |
        Bailey |   1439 |   1439 |      0 |    223 |    289 |   1 | 1439.0 |
               +--------+--------+--------+--------+--------+-----+--------+

Top non-repeatable levels by time:
    D:10: 2403 daAuts
     D:7: 2361 daAuts
     D:9: 2023 daAuts
     D:6: 2000 daAuts
    D:12: 1832 daAuts
     D:4: 1774 daAuts
    D:11: 1739 daAuts
     D:3: 1737 daAuts
     D:8: 1586 daAuts
  Bailey: 1439 daAuts
     D:5: 1168 daAuts
     D:2: 1095 daAuts
     D:1: 1010 daAuts
    D:13: 912 daAuts
   Sewer: 811 daAuts
